 Dungeon Crawl Stone Soup version 0.28-a0-8-g6e044cfa68 (webtiles) character file.

Game seed: 230158119990902328

1038 senseless the Skirmisher (level 8, -9/70 (71) HPs)
             Began as a Minotaur Fighter on July 23, 2021.
             Was a Priest of Okawaru.
             Mangled by a wight (13 damage)
             ... on level 5 of the Dungeon.
             The game lasted 00:08:20 (4084 turns).

senseless the Skirmisher (Minotaur Fighter)         Turns: 4084, Time: 00:08:20

HP:   -9/70 (71)    AC:  9    Str: 23    XL:     8   Next: 4%
MP:   7/7           EV: 12    Int:  5    God:    Okawaru [***...]
Gold: 154           SH: 10    Dex: 10    Spells: 7/7 levels left

rFire   . . .      SeeInvis .   w - +2 dagger (drain)
rCold   . . .      Faith    .   c - +0 kite shield
rNeg    . . .      Spirit   .   a - +2 scale mail {Will+}
rPois   .          Reflect  .   (helmet restricted)
rElec   .          Harm     .   (no cloak)
rCorr   .          Rampage  .   (no gloves)
Will    +....                   (no boots)
Stlth   ..........              (no amulet)
HPRegen 0.21/turn               j - +4 ring of evasion
MPRegen 0.10/turn               (no ring)

@: mighty, lightly drained
A: horns 2, retaliatory headbutt
a: Renounce Religion, Heroism


You were on level 5 of the Dungeon.
You worshipped Okawaru.
Okawaru was most pleased with you.
You visited 1 branch of the dungeon, and saw 5 of its levels.

You collected 154 gold pieces.

Inventory:

Hand Weapons
 e - a +2 dagger of venom
 w - a +2 dagger of draining (weapon)
Missiles
 m - 35 poisoned darts (quivered)
 p - 2 throwing nets
Armour
 a - a +2 scale mail of willpower (worn)
 c - a +0 kite shield (worn)
 k - a +0 chain mail
 t - a +1 ring mail of fire resistance
Jewellery
 i - an amulet of reflection
 j - a +4 ring of evasion (left hand)
 x - a ring of magical power
Scrolls
 b - 6 scrolls of teleportation {unknown}
 f - 2 scrolls of noise {unknown}
 g - a scroll of enchant armour {unknown}
 n - a scroll of summoning {unknown}
 q - 3 scrolls of immolation {unknown}
 r - 2 scrolls of blinking {unknown}
Potions
 h - a potion of curing
 l - a potion of heal wounds {unknown}
 o - 2 potions of flight {unknown}


   Skills:
 + Level 6.7 Fighting
 + Level 4.8(5.1) Short Blades
 - Level 2.4(4.2) Long Blades
 + Level 6.6 Armour
 + Level 6.6 Shields


You had 7 spell levels left.
You didn't know any spells.
Your spell library contained the following spells:

 Spells                   Type           Power      Damage    Failure   Level
 Sandblast                Erth           0%         2d4       98%         1
 Corpse Rot               Necr/Air       N/A        N/A       99%         2
 Passwall                 Tmut/Erth      0%         N/A       99%         2
 Dispel Undead            Necr           0%         3d6       100%        4
 Lee's Rapid Deconstruct  Erth           0%         3d5*      100%        5
 Death Channel            Necr           0%         N/A       100%        6


Dungeon Overview and Level Annotations

Branches:
Dungeon (5/15)             Temple (0/1) D:4

Altars:
Ashenzari
Gozag
Kikubaaqudgha
Okawaru
Qazlal
Ru
Vehumet
Xom
The Shining One


Innate Abilities, Weirdness & Mutations

You have a pair of horns on your head.
You reflexively headbutt those who attack you in melee.


Message History

You headbutt the wight, but do no damage.
The wight is severely damaged.
You feel better.
You feel very mighty all of a sudden. You block the wight's attack.
You hit the wight but do no damage. The wight closely misses you.
You hit the wight but do no damage. You block the wight's attack.
You hit the wight.
The wight is heavily damaged.
The wight completely misses you.
Your scale mail prevents you from hitting the wight.
The wight is heavily damaged.
You block the wight's attack.
You puncture the wight!
You destroy the wight!
Okawaru accepts your kill.
You have reached level 8!
You feel stronger. The wight closely misses you.
The wight hits you from afar with a +2 halberd!
* * * LOW HITPOINT WARNING * * *
Things that are here:
a +1 hand axe; a +0 robe You hit the wight.
Your headbutt misses the wight.
The wight is almost destroyed.
The wight hits you with a +4 great sword!
* * * LOW HITPOINT WARNING * * *
You block the wight's attack.
You hit the wight. You headbutt the wight.
You destroy the wight!
Okawaru accepts your kill. You block the wight's attack.
The wight barely misses you.
Things that are here:
a +4 great sword; a +0 robe You closely miss the wight.
You block the wight's attack.
You hit the wight. You headbutt the wight.
The wight is heavily damaged.
The wight hits you with a +2 halberd!
You die...

. ####+# #. ..#.#
.###.#.# ..#.#.##
#.#....##
#.#.#.....#
#....)...######
.....####.z.......
### ##@####### #)#
#.# #.# #.# #.#
#.# #.#
##.############


You could see a wight.

Vanquished Creatures
  Edmund (D:4)
  Purgy (D:4)
  A necrophage (D:5)
  3 phantoms
  3 wights (D:5)
  A vampire bat (D:3)
  A bullfrog skeleton (D:4)
  An orc wizard (D:4)
  Robin (D:4)
  8 adders
  A white imp (D:5)
  2 adder skeletons (D:4)
  2 dart slugs
  3 fire bats (D:3)
  9 orcs
  A spectral bat (D:3)
  3 bat skeletons (D:3)
  A bat zombie (D:3)
  8 endoplasms
  3 giant cockroaches
  18 goblins
  8 hobgoblins
  8 jackals
  6 kobolds
  7 quokkas
  4 ball pythons
  14 bats
  A bat simulacrum (D:3)
  A frilled lizard (D:2)
  2 rats (D:3)
123 creatures vanquished.

Vanquished Creatures (others)
  A spectral bat (D:3)
1 creature vanquished.

Grand Total: 124 creatures vanquished

Notes
Turn   | Place    | Note
-------+----------+-------------------------------------------
     0 | D:1      | senseless the Minotaur Fighter began the quest for the Orb.
     0 | D:1      | Reached XP level 1. HP: 19/19 MP: 0/0
   688 | D:1      | Found a faded altar of an unknown god.
   696 | D:1      | Reached XP level 2. HP: 27/27 MP: 1/1
   699 | D:1      | Became a worshipper of Warmaster Okawaru
   699 | D:1      | Reached * piety under Okawaru
   952 | D:2      | Reached skill level 1 in Short Blades
  1200 | D:2      | Reached XP level 3. HP: 29/33 MP: 2/2
  1929 | D:3      | Reached XP level 4. HP: 41/41 MP: 3/3
  2001 | D:3      | Reached XP level 5. HP: 46/47 MP: 4/4
  2249 | D:4      | Reached skill level 5 in Fighting
  2282 | D:4      | Found a staircase to the Ecumenical Temple.
  2305 | D:4      | Noticed Edmund
  2313 | D:4      | Reached skill level 5 in Armour
  2313 | D:4      | Reached skill level 5 in Shields
  2323 | D:4      | Killed Edmund
  2323 | D:4      | Reached ** piety under Okawaru
  2324 | D:4      | Reached XP level 6. HP: 20/56 MP: 5/5
  2537 | D:4      | Found a stormy altar of Qazlal.
  2538 | D:4      | Found a shimmering altar of Xom.
  2538 | D:4      | Found a radiant altar of Vehumet.
  2539 | D:4      | Found an ancient bone altar of Kikubaaqudgha.
  2540 | D:4      | Found a broken altar of Ashenzari.
  2540 | D:4      | Found a sacrificial altar of Ru.
  2540 | D:4      | Found a glowing golden altar of the Shining One.
  2542 | D:4      | Found an opulent altar of Gozag.
  2933 | D:4      | Reached XP level 7. HP: 36/62 MP: 6/6
  3368 | D:4      | Noticed Robin
  3379 | D:4      | Noticed Purgy
  3404 | D:4      | Killed Purgy
  3410 | D:4      | Killed Robin
  3718 | D:5      | Entered Level 5 of the Dungeon
  3973 | D:5      | Reached *** piety under Okawaru
  4079 | D:5      | Reached XP level 8. HP: 26/69 MP: 7/7
  4084 | D:5      | Mangled by a wight

Illustrated notes

Levels and vault maps discovered:
D:1:      heliophobic_arrival_henge, layout_loops_cross,
          dreamdust_ecumenical_altar_statues
D:2:      layout_basic
D:3:      layout_rooms, goddamned_bats
D:4:      minmay_octagon_keep, layout_rooms, grunt_temple_overflow_open,
          minmay_temple_entry_grid, uniq_purgy, uniq_robin, uniq_edmund
D:5:      layout_loops_corners, nemelex_spade_bored_becter

Skill      XL: |  1  2  3  4  5  6  7 |
---------------+----------------------+-----
Short Blades   | 1 2 3 4 |  4.8
Fighting       | 4 5 6 |  6.7
Armour         | 4 5 6 |  6.6
Shields        | 4 5 6 |  6.6
Long Blades    | |  2.4

Action                   |  1- 3 |  4- 6 |  7- 9 || total
-------------------------+-------+-------+-------++-------
Melee: Dagger            |    72 |   148 |   109 ||   329
       Headbutt          |     8 |    38 |    18 ||    64
       Long sword        |     2 |       |       ||     2
  Use: Potion            |       |       |     2 ||     2
Armor: Scale mail        |    12 |       |     6 ||    18
       Chain mail        |    17 |    83 |    24 ||   124
Dodge: Dodged            |    27 |    62 |    36 ||   125
Block: Kite shield       |    26 |    85 |    54 ||   165

Table legend: (Time is in decaauts)
 A = Elapsed time spent in this place.
 B = Non-inter-level travel time spent in this place.
 C = Inter-level travel time spent in this place.
 D = Time resting spent in this place.
 E = Time spent auto-exploring this place.
 F = Levels seen in this place.
 G = Mean time per level.
                   A        B        C        D        E       F      G
               +--------+--------+--------+--------+--------+-----+--------+
         Total |   4090 |   4011 |     79 |    404 |   2958 |   5 |  818.0 |
       Dungeon |   4090 |   4011 |     79 |    404 |   2958 |   5 |  818.0 |
               +--------+--------+--------+--------+--------+-----+--------+

Top non-repeatable levels by time:
     D:4: 1471 daAuts
     D:1: 931 daAuts
     D:3: 670 daAuts
     D:2: 655 daAuts
     D:5: 362 daAuts
